 Dungeon Crawl Stone Soup version 0.19.5 (webtiles) character file.

684 GFizzle the Cudgeler (level 7, 0/68 HPs)
             Began as a Troll Berserker on May 15, 2017.
             Was a Priest of Trog.
             Slain by a bullfrog (4 damage)
             ... in a sewer.
             The game lasted 00:30:31 (3302 turns).

GFizzle the Cudgeler (Troll Berserker)              Turns: 3302, Time: 00:30:33

Health: 0/68       AC:  7    Str: 28    XL:     7   Next: 35%
Magic:  6/6        EV: 11    Int:  3    God:    Trog [***...]
Gold:   281        SH:  0    Dex:  9    Spells: 0 memorised, 6 levels left

rFire  . . .     SeeInvis .     L - +0 scythe
rCold  + . .     Gourm    +     M - +2 robe {rC+}
rNeg   . . .     Faith    .     (shield currently unavailable)
rPois  .         Spirit   .     (helmet restricted)
rElec  .         Reflect  .     (no cloak)
rCorr  .         Harm     .     (gloves unavailable)
MR     ++...                    (boots unavailable)
Stlth  +.........               (no amulet)
                                (no ring)
                                (no ring)

@: regenerating
A: unfitting armour, claws 3, fast metabolism 3, gourmand, regeneration 1,
shaggy fur 1, tough skin 2
a: Berserk, Trog's Hand, Burn Spellbooks, Renounce Religion


You were in a sewer.
You worshipped Trog.
Trog was most pleased with you.
You were hungry.

You visited 1 branch of the dungeon, and saw 5 of its levels.
You also visited: Sewer.

You collected 281 gold pieces.

Inventory:

Hand Weapons
 a - a +0 mace
 e - a +0 whip
 g - a cursed -3 short sword
 n - a +0 dagger
 p - a +0 dagger
 y - a +0 whip
 z - a cursed +0 hand axe
 B - a +0 club
 C - a +0 club
 D - a +1 dagger of venom
 F - a +0 hand axe
 H - a +0 club
 J - a +0 dagger
 K - a +0 dagger
 L - a +0 scythe (weapon)
 Q - a cursed +0 club
 T - a +0 short sword
 V - a +0 short sword
 W - a +0 spear
 Z - a +0 club
Missiles
 h - 52 stones (quivered)
 G - 21 arrows
 I - 6 tomahawks
 O - 8 bolts
 R - 7 poisoned needles
Armour
 b - a +1 animal skin
 k - a +0 scale mail
 q - a +0 scale mail
 s - a +0 buckler
 t - a +0 centaur barding
 A - a +0 robe
 M - a +2 robe of cold resistance (worn)
 X - a +0 leather armour
 Y - a +0 plate armour
Wands
 P - a wand of lightning (1/15)
Scrolls
 w - a scroll of remove curse
 x - 3 scrolls of identify
 E - a scroll of enchant armour
Potions
 r - a potion of magic
Comestibles
 c - 16 chunks of flesh
 i - a fruit
 v - a meat ration


   Skills:
 + Level 3.7 Fighting
 + Level 5.2 Maces & Flails
 + Level 1.8 Polearms
 + Level 4.4 Dodging
 + Level 0.4 Stealth


You had 6 spell levels left.
You didn't know any spells.

Dungeon Overview and Level Annotations

Branches:
Dungeon (6/15)
 Temple: D:4-7

Altars:
Qazlal


Innate Abilities, Weirdness & Mutations

You are too large for most types of armour.
You have claws for hands.
Your metabolism is lightning-fast.
You like to eat raw meat.
Your natural rate of healing is unusually fast.
You are covered in fur. (AC +1)
You have very tough skin. (AC +2)


Message History

* * * LOW HITPOINT WARNING * * *
The bullfrog hits you.
* * * LOW HITPOINT WARNING * * *
The bullfrog barely misses you. The bullfrog hits you.
* * * LOW HITPOINT WARNING * * *
The bullfrog hits you.
* * * LOW HITPOINT WARNING * * *
The bullfrog hits you.
* * * LOW HITPOINT WARNING * * *
The bullfrog misses you. The ball python closely misses you.
The bullfrog hits you but does no damage. x2
The ball python misses you.
You see here a leopard gecko skeleton.
Your skin crawls.
You feel resistant to hostile enchantments.
You are feeling hungry.
The bullfrog closely misses you. The bullfrog hits you!
* * * LOW HITPOINT WARNING * * *
The bullfrog hits you.
You die...

#######≈###.≈≈≈≈##≈≈.#≈≈
#.≈≈..###≈≈≈≈.≈≈≈##≈≈#≈≈
#≈≈≈≈≈#.†≈≈.≈≈.≈≈≈#≈≈##≈
#≈≈≈≈≈#..##..≈$.≈≈##≈.#.
#..#≈≈#≈.#≈≈≈.$...≈#÷≈#≈
#≈≈#..#≈≈#.≈≈≈!?.≈≈#.≈#≈
#≈.#÷##s.#.≈≈≈.(≈≈≈#≈≈#≈
#≈≈#≈#SFF#≈≈≈≈≈.≈≈≈#≈.#≈
#≈≈#≈#∩@.#≈.≈≈≈..≈≈#≈≈#≈
#.≈#≈#≈≈.##≈≈≈≈≈≈≈##≈≈#≈
#≈.#≈###.≈# #≈≈##≈
#.≈#≈≈≈#≈≈## ##≈≈#.≈
##.##≈≈#≈.≈## ##≈≈≈#≈.
#.≈#≈≈##≈≈≈#####.≈≈##.≈
#÷.#≈≈≈#.≈.≈≈≈≈≈÷≈.#.≈≈
#..##≈≈##≈≈≈.≈≈≈≈≈##..#
##.≈#≈.≈##≈≈≈≈≈≈≈##≈.≈#


You could see 2 bullfrogs, a giant cockroach and a ball python.

Vanquished Creatures
  Sigmund (D:2)
  Menkaure (D:6)
  An ice beast (D:6)
  A bullfrog (D:6)
  An iguana (D:3)
  7 adders
  9 oozes
  12 leopard geckos
  An orc (D:3)
  15 giant cockroaches
  8 goblins
  6 hobgoblins
  5 jackals
  7 kobolds
  A quokka (D:2)
  12 ball pythons
  5 bats
  12 frilled lizards
  A quokka zombie (D:6)
  6 rats
112 creatures vanquished.

Notes
Turn   | Place    | Note
-------+----------+-------------------------------------------
     0 | D:1      | GFizzle the Troll Berserker began the quest for the Orb.
     0 | D:1      | Reached XP level 1. HP: 22/22 MP: 0/0
    94 | D:1      | Reached XP level 2. HP: 29/29 MP: 1/1
   194 | D:1      | Reached skill level 3 in Maces & Flails
   775 | D:1      | Reached XP level 3. HP: 36/36 MP: 2/2
   804 | D:1      | Paralysed by fainting for 5 turns
  1648 | D:2      | Reached XP level 4. HP: 44/44 MP: 3/3
  1949 | D:2      | Noticed Sigmund
  1962 | D:2      | Killed Sigmund
  1962 | D:2      | Reached skill level 4 in Maces & Flails
  1962 | D:2      | Reached XP level 5. HP: 36/53 MP: 4/4
  1963 | D:2      | Found a stormy altar of Qazlal.
  2362 | D:3      | Reached XP level 6. HP: 46/61 MP: 5/5
  2473 | D:3      | You fall through a shaft for 2 floors!
  2473 | D:5      | Entered Level 5 of the Dungeon
  2582 | D:6      | Reached ** piety under Trog
  2593 | D:6      | Noticed Menkaure
  2606 | D:6      | HP: 3/61 [Menkaure/nerve-wracking pain (9)]
  2614 | D:6      | Found a glowing drain.
  2659 | D:6      | Killed Menkaure
  2676 | D:6      | Noticed an ice beast
  2697 | D:6      | Reached skill level 5 in Maces & Flails
  2710 | D:6      | Killed an ice beast
  2710 | D:6      | Reached skill level 1 in Polearms
  2710 | D:6      | Reached XP level 7. HP: 26/68 MP: 6/6
  2816 | Sewer    | Entered a sewer
  3114 | Sewer    | Reached *** piety under Trog
  3302 | Sewer    | Slain by a bullfrog

Skill      XL: |  1  2  3  4  5  6 |
---------------+-------------------+-----
Maces & Flails | 3 4 5 |  5.2
Dodging        | 3 4 |  4.4
Fighting       | 3 |  3.7
Polearms       | 1 |  1.8
Stealth        | |  0.4

Action                   |  1- 3 |  4- 6 |  7- 9 || total
-------------------------+-------+-------+-------++-------
Melee: Mace              |   172 |    24 |       ||   196
       Scythe            |       |    74 |   213 ||   287
Invok: Berserk           |       |     1 |       ||     1
       Trog's Hand       |       |       |     1 ||     1
  Use: Potion            |     4 |     3 |       ||     7
       Scroll            |     6 |     2 |     1 ||     9
  Eat: Chunk             |     4 |     4 |     4 ||    12
       Fruit             |     2 |       |       ||     2
       Bread ration      |     1 |     2 |     1 ||     4
       Pizza             |     1 |       |       ||     1
Armor: Animal skin       |   112 |     5 |       ||   117
       Robe              |       |    51 |   228 ||   279
Dodge: Dodged            |   163 |    93 |   373 ||   629
